 Dungeon Crawl Stone Soup version 0.30-a0-390-g80c34de (webtiles) character file.

Game seed: 2344333022130645785

3285 BarneyGumball the Thaumaturge (level 9, -4/47 (48) HPs)
             Began as a Deep Elf Earth Elementalist on Dec 3, 2022.
             Was a Follower of Vehumet.
             Shot with an arrow by a centaur (6 damage)
             ... on level 8 of the Dungeon on Dec 4, 2022.
             The game lasted 00:26:50 (7343 turns).

BarneyGumball the Thaumaturge (DEEE)                Turns: 7343, Time: 00:26:51

HP:   -4/47 (48)    AC:  8    Str:  5    XL:     9   Next: 69%
MP:   13/23         EV: 13    Int: 25    God:    Vehumet [*.....]
Gold: 96            SH:  0    Dex: 15    Spells: 13/24 levels left

rFire   + . .      SeeInvis .    (no weapon)
rCold   . . .      Faith    .    (no shield)
rNeg    . . .      Spirit   .    H - +0 steam dragon scales
rPois   .          Reflect  .    (no helmet)
rElec   .          Harm     .    v - +0 cloak
rCorr   .          Rampage  .    w - +0 pair of gloves
Will    .....                    I - +0 pair of boots
Stlth   ++++......               (no amulet)
HPRegen 0.27/turn                i - ring of protection from fire
MPRegen 0.18/turn                (no ring)

@: on blink cooldown, hasted, lightly drained, very quick
A: no striking features
a: Renounce Religion


You were on level 8 of the Dungeon.
You worshipped Vehumet.
Vehumet was aware of your devotion.
You visited 2 branches of the dungeon, and saw 9 of its levels.

You collected 423 gold pieces.
You spent 327 gold pieces at shops.

Inventory:

Hand Weapons
 y - a +4 dire flail of protection
Missiles
 j - 15 poisoned darts (quivered)
Armour
 v - a +0 cloak (worn)
 w - a +0 pair of gloves (worn)
 H - +0 steam dragon scales (worn)
 I - a +0 pair of boots (worn)
Jewellery
 i - a ring of protection from fire (left hand)
 E - an amulet of the acrobat
Scrolls
 d - 2 scrolls of enchant weapon {unknown}
 f - 3 scrolls of teleportation
 k - a scroll of acquirement {unknown}
 q - a scroll of enchant armour {unknown}
 r - 2 scrolls of amnesia {unknown}
 s - a scroll of butterflies {unknown}
 u - 5 scrolls of magic mapping {unknown}
 x - a scroll of silence {unknown}
 F - a scroll of poison {unknown}
 G - a scroll of vulnerability {unknown}
Potions
 a - a potion of might {unknown}
 b - a potion of magic
 c - a potion of resistance
 e - a potion of cancellation
 l - a potion of curing
 m - a potion of haste
 n - 2 potions of flight
 o - 2 potions of attraction {unknown}
 p - 2 potions of ambrosia
 t - 4 potions of lignification
 z - 2 potions of berserk rage {unknown}
 B - 2 potions of mutation {unknown}
 D - 3 potions of heal wounds {unknown}


   Skills:
 + Level 2.1 Fighting
 + Level 4.1 Dodging
 - Level 7.1 Stealth
 + Level 8.3 Spellcasting
 + Level 7.4 Conjurations
 * Level 5.6 Translocations
 - Level 1.1 Transmutations
 - Level 2.2 Fire Magic
 - Level 4.0 Ice Magic
 - Level 5.0 Earth Magic


You had 13 spell levels left.
You knew the following spells:

 Your Spells              Type           Power      Damage    Failure   Level
a - Sandblast             Erth           70%        2d15      1%          1
b - Stone Arrow           Conj/Erth      82%        3d12      1%          3
c - Passwall              Tmut/Erth      20%        N/A       2%          2
d - Frozen Ramparts       Ice            60%        1d10      3%          3
e - Blink                 Tloc           76%        N/A       1%          2

Your spell library contained the following spells:

 Spells                   Type           Power      Damage    Failure   Level
 Foxfire                  Conj/Fire      100%       2x1d9     1%          1
 Freeze                   Ice            100%       1d10      1%          1
 Momentum Strike          Conj/Tloc      86%        3d10      1%          2
 Hailstorm                Conj/Ice       39%        3d9       1%          3
 Lesser Beckoning         Tloc           76%        N/A       1%          3
 Portal Projectile        Hex/Tloc       48%        N/A       5%          3
 Sticky Flame             Conj/Fire      34%        2d5       8%          4
 Ignite Poison            Fire/Tmut/Pois 16%        N/A       11%         3
 Petrify                  Tmut/Erth      25%        N/A       16%         4
 Tukima's Dance           Hex            10%        N/A       17%         3
 Blade Hands              Tmut           8%         N/A       71%         5
 Ignition                 Fire           10%        3d5       100%        8


Dungeon Overview and Level Annotations

Branches:
Dungeon (8/15)             Temple (1/1) D:5
   Lair: D:8-11

Altars:
Cheibriados
Dithmenos
Elyvilon
Kikubaaqudgha
Makhleb
Nemelex Xobeh
Okawaru
Trog
Uskayaw
Vehumet
Zin

Shops:
D:1 *   D:5 :   D:7 [

Annotations:
D:3 Grinder
D:4 1 runed translucent door, blackthorn's ghost, amateur NaSu
D:8 Joseph


Message History

The walls around you are covered in ice.
The sentinel's mark upon you fades away.
The wall freezes the orc.
You kill the orc!
Vehumet accepts your kill.
You feel your power returning.
The wall freezes the wight but does no damage.
The wight hits you from afar with a +0 halberd.
The wall freezes the centaur.
The centaur wields a +0 shortbow.
The centaur shoots an arrow.
The arrow hits you!
* * * LOW HITPOINT WARNING * * *
Casting: Frozen Ramparts (dangerous; 3% risk of failure)
Confirm with . or Enter, or press ? or * to list all spells.
Aiming: Stone Arrow (safe; 1% risk of failure)
Press: ? - help, Shift-Dir - straight line, f - centaur
Aim: a centaur, wielding a +0 shortbow (moderately wounded, 85% to hit)
The stone arrow misses the centaur.
The wall freezes the centaur but does no damage.
The wall freezes the centaur.
The centaur shoots an arrow.
The arrow hits you.
* * * LOW HITPOINT WARNING * * *
The wight resists.
The wall freezes the wight.
The wight closely misses you.
As you read the scroll of fear, it crumbles to dust.
You assume a fearsome visage.
The centaur looks frightened! x2
The wight is unaffected. x2; The wall freezes the centaur.
Your attack snaps the centaur out of its fear.
The wall freezes the centaur.
Your attack snaps the centaur out of its fear.
The centaur shoots an arrow.
The arrow hits you.
* * * LOW HITPOINT WARNING * * *
The wall freezes the centaur.
Okay, then.
Okay, then.
Casting: Stone Arrow (safe; 1% risk of failure)
Confirm with . or Enter, or press ? or * to list all spells.
Your frozen ramparts will break if you move.
Continue?
You blink.
The frozen ramparts melt away as you move.
An orc wizard comes into view. It is wielding a +0 dagger.
The centaur shoots an arrow.
The arrow hits you.
You die...

# .. .(. ######
.... #(..@# .z
..... #....#
#####..#
....(.###cz.z#
#Kz..K.#
.......ยง).c).###K#
.###.###)#))...#.#
#.#..(#(#.#
#.###...o...#
........#.###
###....O#


You could see 2 centaurs, 2 wights and an orc wizard.

Vanquished Creatures
  A two-headed ogre (D:7)
  A steam dragon (D:7)
  Eustachio (D:5)
  Edmund (D:5)
  Menkaure (D:5)
  2 water moccasins
  An orc warrior (D:5)
  A sky beast (D:6)
  An ogre (D:6)
  3 centaurs (D:6)
  2 kobold brigands
  4 phantoms
  A bullfrog (D:6)
  2 scorpions
  2 necrophages
  3 wights (D:8)
  A howler monkey (D:5)
  A jelly (D:4)
  An orc priest (D:5)
  2 hounds (D:5)
  Jessica (D:3)
  4 iguanas
  2 orc wizards
  4 gnolls (D:4)
  8 adders
  2 white imps
  4 ufetubi
  A worm (D:3)
  4 dart slugs
  19 orcs
  2 bats
  7 endoplasms
  4 giant cockroaches
  5 goblins
  11 hobgoblins
  5 jackals
  14 kobolds
  6 ball pythons
  4 frilled lizards
  2 rats (D:1)
141 creatures vanquished.

Notes
Turn   | Place    | Note
-------+----------+-------------------------------------------
     0 | D:1      | BarneyGumball the Deep Elf Earth Elementalist began the
                  | quest for the Orb.
     0 | D:1      | Reached XP level 1. HP: 10/10 MP: 6/6
    37 | D:1      | Found Nizuapto's Assorted Antiques.
   166 | D:1      | Reached XP level 2. HP: 15/15 MP: 4/8
   327 | D:1      | Reached skill level 1 in Conjurations
   856 | D:1      | Reached XP level 3. HP: 19/19 MP: 7/10
  1148 | D:2      | Reached skill level 4 in Spellcasting
  1285 | D:2      | Learned a level 3 spell: Stone Arrow
  1381 | D:2      | Reached XP level 4. HP: 24/24 MP: 10/12
  1633 | D:3      | Found a faded altar of an unknown god.
  1831 | D:3      | Noticed Grinder
  2201 | D:3      | Found a shadowy altar of Dithmenos.
  2215 | D:3      | Noticed Jessica
  2225 | D:3      | Killed Jessica
  2574 | D:4      | Reached XP level 5. HP: 28/28 MP: 12/14
  2687 | D:4      | Reached skill level 5 in Spellcasting
  3048 | D:4      | Found a runed translucent door.
  3070 | D:4      | Reached skill level 5 in Earth Magic
  3070 | D:4      | Reached XP level 6. HP: 11/32 MP: 6/16
  3137 | D:4      | Learned a level 2 spell: Passwall
  3141 | D:4      | Learned a level 3 spell: Frozen Ramparts
  3593 | D:4      | Reached skill level 1 in Ice Magic
  3706 | D:4      | Noticed blackthorn's ghost (amateur NaSu)
  3743 | D:5      | Entered Level 5 of the Dungeon
  3793 | D:5      | Reached skill level 6 in Spellcasting
  3934 | D:5      | Found an ancient bone altar of Kikubaaqudgha.
  3956 | D:5      | Reached XP level 7. HP: 27/36 MP: 2/18
  4119 | D:5      | Found a snail-covered altar of Cheibriados.
  4146 | D:5      | Noticed Edmund
  4153 | D:5      | Killed Edmund
  4154 | D:5      | Reached skill level 5 in Conjurations
  4280 | D:5      | Reached skill level 5 in Stealth
  4281 | D:5      | Noticed Menkaure
  4290 | D:5      | Killed Menkaure
  4471 | D:5      | Reached XP level 8. HP: 41/41 MP: 15/19
  4533 | D:5      | Noticed Eustachio
  4536 | D:5      | Killed Eustachio
  4537 | D:5      | Reached skill level 1 in Fire Magic
  5002 | D:5      | Found a staircase to the Ecumenical Temple.
  5012 | Temple   | Entered the Ecumenical Temple
  5077 | Temple   | Became a worshipper of Vehumet
  5191 | D:5      | Found a bloodstained altar of Trog.
  5318 | D:5      | Found Itoliv's Book Boutique.
  5321 | D:5      | Bought a book of Spatial Translocations for 260 gold pieces
  5324 | D:5      | Learned a level 2 spell: Blink
  5454 | D:6      | Reached skill level 1 in Translocations
  5529 | D:6      | Reached skill level 7 in Spellcasting
  5947 | D:6      | Found a sparkling altar of Nemelex Xobeh.
  6024 | D:6      | Found a hide-covered altar of Uskayaw.
  6065 | D:6      | Reached XP level 9. HP: 45/45 MP: 15/22
  6817 | D:7      | Reached * piety under Vehumet
  6817 | D:7      | Offered knowledge of Foxfire by Vehumet.
  6818 | D:7      | Reached skill level 1 in Fighting
  6992 | D:7      | Found Galaux's Armour Shoppe.
  6992 | D:7      | Noticed a two-headed ogre
  6998 | D:7      | Killed a two-headed ogre
  6999 | D:7      | Reached skill level 8 in Spellcasting
  6999 | D:7      | Reached skill level 5 in Translocations
  7095 | D:7      | Bought a +0 pair of boots for 67 gold pieces
  7260 | D:8      | Noticed Joseph
  7313 | D:8      | Noticed a two-headed ogre
  7342 | D:8      | HP: 1/47 [centaur/arrow (2)]
  7343 | D:8      | Shot with an arrow by a centaur

Illustrated notes

Levels and vault maps discovered:
D:1:      dpeg_arrival_short_road, layout_basic, serial_shops,
          nicolae_shop_advertising_works [nicolae_subvault_shop_adworks],
          minivault_19
D:2:      layout_rooms
D:3:      layout_basic, nicolae_dithmenos_the_darkroom,
          shapermc_ecumenical_altar_venn, uniq_jessica, uniq_grinder
D:4:      layout_loops_ring, ebering_ghost_reflecting_pool, minmay_cut_off
D:5:      layout_basic, nicolae_kikubaaqudgha_miasma_corner,
          cheibriados_altar_1, trog_hazing_becter, minmay_temple_entry_ruins,
          serial_shops, kennysheep_mini, guppyfry_early_orc_mine, uniq_edmund,
          uniq_eustachio, uniq_menkaure
D:6:      layout_loops_ring, nicolae_uskayaw_suspiria,
          mainiacjoe_overflow_six_doors_small
D:7:      layout_rooms, serial_shops, kennysheep_little_box
D:8:      layout_basic, nicolae_overflow_hidden_temple, minivault_24,
          nrook_mini_vaults, minmay_misc_feat_roman,
          nicolae_straight_to_the_point, uniq_joseph
Temple:   nicolae_temple_slightly_damp_pantheon

Skill      XL: |  1  2  3  4  5  6  7  8  9 |
---------------+----------------------------+-----
Conjurations   | 1 2 3 4 5 6 7 |  7.4
Spellcasting   | 4 5 6 7 8 |  8.3
Earth Magic    | 4 5 |  5.0
Ice Magic      | 2 4 |  4.0
Stealth        | 4 5 7 |  7.1
Fire Magic     | 2 |  2.2
Translocations | 3 5 |  5.6
Fighting       | 2 |  2.1
Dodging        | 4 |  4.1
Transmutations | |  1.1

Action                   |  1- 3 |  4- 6 |  7- 9 || total
-------------------------+-------+-------+-------++-------
Throw: Dart              |       |       |     4 ||     4
       Throwing net      |       |       |     1 ||     1
 Cast: Sandblast         |    49 |    73 |    50 ||   172
       Stone Arrow       |       |    17 |    62 ||    79
       Blink             |       |       |     3 ||     3
       Frozen Ramparts   |       |       |     2 ||     2
  Use: Scroll            |       |     7 |     4 ||    11
       Potion            |       |       |     5 ||     5
Armor: Robe              |       |    10 |     5 ||    15
       Steam dragon scal |       |       |     1 ||     1
Dodge: Dodged            |     4 |    25 |    24 ||    53

Table legend: (Time is in decaauts)
 A = Elapsed time spent in this place.
 B = Non-inter-level travel time spent in this place.
 C = Inter-level travel time spent in this place.
 D = Time resting spent in this place.
 E = Time spent auto-exploring this place.
 F = Levels seen in this place.
 G = Mean time per level.
                   A        B        C        D        E       F      G
               +--------+--------+--------+--------+--------+-----+--------+
         Total |   7419 |   7097 |    322 |    472 |   5720 |   9 |  824.3 |
       Dungeon |   7343 |   7048 |    295 |    472 |   5678 |   8 |  917.9 |
        Temple |     75 |     48 |     27 |      0 |     42 |   1 |   75.0 |
               +--------+--------+--------+--------+--------+-----+--------+

Top non-repeatable levels by time:
     D:5: 1624 daAuts
     D:6: 1242 daAuts
     D:4: 1218 daAuts
     D:1: 1135 daAuts
     D:3: 936 daAuts
     D:7: 633 daAuts
     D:2: 508 daAuts
  Temple: 75 daAuts
     D:8: 43 daAuts
